 Dungeon Crawl Stone Soup version 0.30.0-29-ga12c61a403 (webtiles) character file.

Game seed: 7749939760702896939

41 Graphine the Covered (level 3, 0/33 HPs)
             Began as an Armataur Fighter on June 21, 2023.
             Slain by a goblin
             ... wielding a +0 dagger
             ... led by Robin
              (2 damage)
             ... on level 1 of the Dungeon.
             The game lasted 00:01:51 (1009 turns).

Graphine the Covered (Armataur Fighter)             Turns: 1009, Time: 00:01:52

Health: 0/33       AC:  8    Str: 23    XL:     3   Next: 32%
Magic:  3/3        EV: 12    Int:  8    God:
Gold:   0          SH:  4    Dex:  9    Spells: 2/2 levels left

rFire   . . .        a - +0 flail
rCold   . . .        c - +0 buckler
rNeg    . . .        b - +0 scale mail
rPois   .            (no helmet)
rElec   .            (no cloak)
rCorr   .            h - +0 pair of gloves
SInv    .            (no barding)
Will    .....        (no amulet) Stlth
                     g - +5 ring of evasion
HPRegen 0.25/turn    (no ring)
MPRegen 0.08/turn

%: roll
@: mighty
A: large, rugged brown scales 3, deformed body, armoured tail, roll, long
tongue, awkward tongue
a: no special abilities


You were on level 1 of the Dungeon.
You visited 1 branch of the dungeon, and saw 2 of its levels.

Inventory:

Hand Weapons
 a - a +0 flail (weapon)
Missiles
 f - a throwing net (quivered)
Armour
 b - a +0 scale mail (worn)
 c - a +0 buckler (worn)
 h - a +0 pair of gloves (worn)
Jewellery
 g - a +5 ring of evasion (left hand)
Scrolls
 e - a scroll of noise


   Skills:
 + Level 3.0 Fighting
 + Level 2.2 Maces & Flails
 + Level 4.1 Armour
 + Level 3.8 Shields


You had 2 spell levels left.
You didn't know any spells.
Your spell library was empty.

Dungeon Overview and Level Annotations

Branches:
Dungeon (2/15)

Altars:


Innate Abilities, Weirdness & Mutations

You are completely covered in rugged brown scales. (AC +3, +7% HP)
Armour fits poorly on your strangely shaped body.
You have a long armoured tail.
You roll when moving toward enemies. (Rampage)
Your long tongue fully drains potion bottles. (2x potion effects)
Your tongue gives you trouble enunciating. (1.5x scroll delay)


Message History

The adder is severely wounded.
The adder bites you.
* * * LOW HITPOINT WARNING * * *
The goblin barely misses you. The goblin hits you but does no damage.
The goblin hits you with a +0 dagger.
* * * LOW HITPOINT WARNING * * *
Robin barely misses you. The adder barely misses you.
You sock the adder!
You kill the adder!
The goblin hits you with a +0 club.
* * * LOW HITPOINT WARNING * * *
Robin hits you with a +0 spear.
* * * LOW HITPOINT WARNING * * *
The goblin hits you but does no damage. You block the goblin's attack.
Okay, then.
You feel very mighty all of a sudden.
You slurp down every last drop of the potion of might!
You block the goblin's attack. Robin throws the goblin at you!
* * * LOW HITPOINT WARNING * * *
You block the goblin's attack. The goblin hits you but does no damage.
You barely miss Robin. The goblin misses you. Robin completely misses you.
You block the goblin's attack. The goblin hits you but does no damage.
The goblin closely misses you. The goblin completely misses you.
The goblin misses you. Robin hits you but does no damage.
Press: ? - help, v - describe, . - travel, g - get item
Here: Robin, wielding a +0 spear, wearing a +0 animal skin and wearing a +0 helmet Item here: a +2 dagger of pain.
The floor.
You sock Robin!
Robin is severely wounded.
The goblin no longer looks unusually strong. x2
The goblin barely misses you.
Robin roars a battlecry!
The goblins go into a battle-frenzy!
The goblin closely misses you. The goblin barely misses you.
You hit Robin.
You kill Robin!
You block the goblin's attack. The goblin hits you but does no damage.
The goblin hits you with a +0 dagger.
You die...

#.# ###############.#
#.............).#
#.#####.#######.# #.#
#.#######.######## #.#
#...........)....# #.#
#..........#####.#########
#.#####.#####..))g# #.#.......##
#.......# ##.g@## #.#........#
####.#### ##g## #.......#..#
#....)# #l# ###..##.#..# #.....#
#.# #........# #.....# ##+##
##.#..##.# #.....# ##...##
#.#.###.# #.....# ##.....##
#.#.###.# ###.#†## ##.......##
##.......#
###....####.........####....#####


You could see 3 goblins and a frilled lizard.

Vanquished Creatures
  Robin (D:1)
  An adder (D:1)
  3 ball pythons (D:1)
  2 endoplasms (D:1)
  2 giant cockroaches (D:1)
  7 goblins (D:1)
  3 hobgoblins (D:1)
  A quokka (D:1)
  A frilled lizard (D:1)
  4 kobolds (D:1)
  4 rats (D:1)
29 creatures vanquished.

Notes
Turn   | Place    | Note
-------+----------+-------------------------------------------
     0 | D:1      | Graphine the Armataur Fighter began the quest for the Orb.
     0 | D:1      | Reached XP level 1. HP: 19/19 MP: 1/1
   200 | D:1      | Reached XP level 2. HP: 24/26 MP: 2/2
   778 | D:1      | Reached skill level 4 in Armour
   935 | D:2      | Noticed Robin
   955 | D:1      | Reached XP level 3. HP: 23/33 MP: 3/3
  1006 | D:1      | HP: 1/33 [Robin/goblin (2)]
  1009 | D:1      | Killed Robin
  1009 | D:1      | Slain by a goblin

Illustrated notes

Levels and vault maps discovered:
D:1:      ebering_trefoil_3fold, layout_loops_corners, minmay_misc_feat_alley
D:2:      layout_rooms, basic_altar, serial_shops, nicolae_shop_stone,
          hellmonk_ecumenical_altar_slurped_away,
          hangedman_decor_diamond_cutter, chequers_big_river, uniq_robin,
          uniq_jessica

Skill      XL: |  1  2 |
---------------+-------+-----
Maces & Flails | 2 |  2.2
Armour         | 4 |  4.1
Fighting       | 3 |  3.0
Shields        | |  3.8

Action                     || total
---------------------------++-------
  Melee: Flail             ||    81
         Tailslap          ||     7
    Use: Scroll            ||     1
         Potion            ||     1
 Armour: Scale mail        ||    77
  Dodge: Dodged            ||    71
  Block: Buckler           ||    32
